Map: Kairos Junction LE

Players

Snute - Winner!

  • Race: Zerg Zerg
  • Spawn Location: 11:00

SaLemandr

  • Race: Terran Terran
  • Spawn Location: 5:00

Event: 2019 WCS Spring

VOD

Have the link to the VOD?

Description

Time

  • Played on: May 17, 2019, 6:37 a.m.
  • Length: 9:08

All games in this series

Show
View Real Time Build Order
Export as new Build Order

Snute Zerg - Winner!

Build Orders: Hatch First 

Get SALT Encoding   

  12  0:00  Drone  
  13  0:12  Overlord  
  13  0:17  Drone  
  14  0:30  Drone x2  
  14  0:34  Drone  
  17  0:52  Hatchery  
  17  0:54  Drone  
  17  0:58  Drone  
  17  1:00  Extractor  
  17  1:14  Spawning Pool  
  17  1:16  Drone  
  17  1:19  Drone  
  18  1:28  Drone  
  19  1:38  Overlord  
  19  1:50  Drone  
  20  2:00  Queen  
  22  2:02  Metabolic Boost  
  22  2:03  Queen  
  22  2:04  Zergling x2  
  22  2:07  Zergling x2  
  26  2:11  Zergling x2  
  26  2:15  Drone  
  28  2:21  Drone  
  29  2:28  Drone  
  30  2:32  Drone  
  30  2:36  Queen  
  33  2:44  Overlord, Drone  
  33  2:47  Drone  
  35  2:57  Drone  
  36  3:00  Overlord  
  36  3:05  Drone  
  37  3:09  Drone x4  
  41  3:14  Hatchery  
  40  3:20  Queen  
  40  3:21  Queen  
  40  3:25  Overlord  
  44  3:29  Drone  
  44  3:30  Drone  
  44  3:32  Drone  
  44  3:33  Drone  
  48  3:35  Drone  
  48  3:38  Drone  
  50  3:47  Drone x5  
  55  3:50  Drone x2  
  55  3:51  Drone  
  58  4:00  Overlord  
  58  4:02  Drone  
  58  4:07  Lair, Queen  
  60  4:15  Overlord  
  60  4:19  Extractor  
  60  4:20  Overlord x2  
  60  4:22  Zergling x4  
  60  4:24  Baneling Nest  
  60  4:26  Overlord  
  60  4:30  Zergling x6  
  63  4:35  Drone x3  
  63  4:37  Drone  
  67  4:40  Drone  
  68  4:47  Drone  
  68  4:48  Drone x2  
  68  4:50  Drone x2  
  73  4:55  Drone x4  
  73  4:56  Queen  
  73  4:58  Drone  
  73  4:59  Drone x2  
  82  5:00  Drone  
  82  5:02  Drone  
  84  5:08  Centrifical Hooks  
  84  5:14  Baneling x3  
  83  5:16  Zergling x8  
  83  5:17  Extractor x2  
  83  5:18  Drone x3  
  87  5:23  Zergling x10  
  87  5:26  Queen  
  94  5:38  Extractor  
  94  5:40  Hatchery  
  94  5:41  Baneling  
  94  5:42  Baneling x5  
  92  5:46  Evolution Chamber, Drone x2  
  92  5:48  Evolution Chamber  
  92  5:49  Drone  
  94  5:50  Overlord x2, Drone x3  
  94  5:51  Overlord  
  94  5:55  Drone x2  
  98  6:05  Overlord x2  
  91  6:14  Zergling x14  
  97  6:19  Extractor, Zerg Missile Weapons Level 1, Zerg Ground Armor Level 1  
  97  6:20  Zergling x10  
  101  6:29  Baneling x4  
  101  6:30  Baneling, Hydralisk Den  
  100  6:35  Drone x2  
  102  6:45  Hatchery, Drone x2  
  103  6:47  Drone x10  
  113  6:55  Spore Crawler  
  113  6:56  Spore Crawler  
  113  6:57  Spore Crawler, Drone x6  
  113  7:00  Extractor  
  115  7:02  Extractor  
  115  7:05  Overlord  
  115  7:07  Grooved Spines  
  114  7:11  Spore Crawler  
  111  7:23  Zergling x26  
  124  7:33  Infestation Pit  
  121  7:43  Drone x3  
  122  7:44  Drone x2  
  122  7:45  Drone  
  125  7:54  Hydralisk, Overlord x2, Baneling x9  
  125  7:55  Hydralisk x7  
  141  8:04  Hydralisk x5  
  142  8:15  Hydralisk  
  142  8:16  Hydralisk x5  
  142  8:18  Zergling x6  
  149  8:21  Zergling x6  
  149  8:22  Zergling x2  
  149  8:23  Zergling x2  
  148  8:28  Hydralisk x3  
  147  8:39  Baneling  
  147  8:40  Baneling x7  
  146  8:42  Baneling  
  146  8:43  Baneling x7  
  146  8:46  Zergling x6  
  146  8:47  Zergling x2  
  148  8:50  Hatchery, Zergling x4  
Show
View Real Time Build Order
Export as new Build Order

SaLemandr Terran 

Build Orders: Hellion Opening, Reaper Expand 

Get SALT Encoding   

  12  0:00  SCV  
  13  0:12  SCV  
  14  0:16  Supply Depot  
  14  0:25  SCV  
  15  0:38  SCV  
  15  0:40  Barracks  
  16  0:44  Refinery  
  16  0:50  SCV  
  17  1:02  SCV  
  18  1:14  SCV  
  19  1:27  Reaper, Orbital Command  
  20  1:40  Command Center  
  20  1:53  SCV  
  21  1:54  Supply Depot  
  21  1:59  Marine  
  22  2:05  SCV  
  23  2:11  Factory  
  23  2:17  SCV  
  23  2:21  Barracks Reactor  
  23  2:22  Refinery  
  24  2:29  SCV  
  25  2:42  SCV  
  26  2:52  Orbital Command  
  26  2:54  SCV  
  26  2:57  Starport  
  27  3:05  Hellion x2  
  31  3:06  SCV  
  31  3:09  Barracks Tech Lab  
  32  3:13  Supply Depot  
  32  3:18  SCV x2  
  34  3:26  Hellion x2  
  38  3:30  SCV x2  
  40  3:36  Supply Depot  
  40  3:42  Viking  
  40  3:44  SCV  
  40  3:46  SCV  
  44  3:52  Hellion x2  
  48  3:58  Supply Depot  
  48  4:01  SCV  
  49  4:03  SCV  
  49  4:04  Marine  
  51  4:12  Refinery  
  51  4:13  SCV  
  51  4:14  Raven  
  54  4:20  Hellion x2  
  54  4:21  Supply Depot  
  54  4:22  SCV  
  59  4:29  SCV  
  60  4:32  Refinery  
  60  4:35  Armory, Engineering Bay  
  60  4:39  SCV  
  60  4:41  SCV  
  60  4:44  Hellion  
  66  4:45  Hellion  
  66  4:51  SCV  
  67  4:56  SCV  
  68  5:05  SCV, Hellion  
  68  5:07  Hellion  
  73  5:09  Command Center  
  73  5:13  SCV  
  74  5:19  SCV  
  74  5:24  Starport Reactor  
  74  5:27  Hellion  
  74  5:28  Hellion  
  78  5:35  Supply Depot  
  78  5:40  Terran Vehicle And Ship Armor Level 1  
  78  5:45  Factory  
  78  5:47  Factory  
  78  5:56  Barracks Tech Lab  
  82  5:57  SCV x2, Hellion  
  82  6:00  Supply Depot  
  82  6:01  Supply Depot  
  82  6:02  Liberator x2, Supply Depot  
  82  6:04  Supply Depot  
  82  6:05  Supply Depot  
  82  6:09  SCV x2  
  76  6:21  SCV x2, Hellion x2  
  76  6:22  Orbital Command  
  88  6:28  Missile Turret  
  88  6:29  Missile Turret  
  88  6:33  SCV  
  89  6:46  Factory  
  89  6:51  Orbital Command, Factory  
  89  6:54  SCV  
  90  6:56  SCV  
  90  6:58  Cyclone x2  
  90  7:00  Hellion  
  99  7:06  SCV  
  100  7:09  SCV  
  100  7:15  Mag-Field Accelerator  
  101  7:17  Hellion  
  101  7:18  SCV  
  101  7:20  SCV  
  101  7:21  SCV, Hellion  
  108  7:30  SCV  
  108  7:32  Cyclone x2  
  108  7:33  SCV  
  108  7:34  Factory Tech Lab  
  108  7:35  Factory Reactor  
  116  7:41  SCV  
  114  7:46  Hellion  
  114  7:47  SCV, Hellion  
  116  7:53  Orbital Command, Supply Depot x2  
  116  7:54  Refinery x2  
  116  7:55  Supply Depot  
  116  8:04  Cyclone x2  
  116  8:05  Hellion  
  122  8:10  SCV, Hellion, Orbital Command  
  97  8:22  Hellion  
  97  8:23  SCV  
  97  8:26  Cyclone  
  103  8:30  Hellion  
  103  8:32  SCV  
  103  8:34  Hellion  
  107  8:36  Cyclone  
  113  8:45  SCV  
Tags
 
Add a new tag
Caveats
  • Supply blocks, unpowered buildings, or Contaminate may cause inaccurate times.
  • Supply counts are checked every 10 seconds.